[Event "20 ans"]
[Date "2016.10.28"]
[Round "QFtb2"]
[White "Korobov, Anton"]
[Black "Hou, Yifan"]
[Result "1-0"]
[WhiteElo "2714"]
[BlackElo "2645"]
[ECO "A40"]
[WhiteFed "UKR"]
[BlackFed "CHN"]
[FCGameId "-822827168"]
[TimeControl "900+3"]

1. d4 e6 2. Nf3 b6 3. Bf4 Bb7 4. e3 f5 5. c4 Nf6 6. a3 d6 7. Nc3 Nbd7 8. Be2 g6 9. Ng5 Qe7 10. Bf3 c6 11. Nb5 cxb5 12. Bxb7 Rb8 13. Bc6 h6 14. Nf3 bxc4 15. Qa4 Bg7 16. Qb4 Ne4 17. Rc1 a5 18. Qb5 Rd8 19. Rxc4 O-O 20. O-O g5 21. Bg3 h5 22. Bxe4 fxe4 23. Qxg5 Rf6 24. Nd2 d5 25. Rc7 Qe8 26. Rfc1 Qf7 27. Be5 Kh7 28. Bxf6 Bxf6 29. Qf4 Qe7 30. R1c6 Bh4 31. g3 Bg5 32. Qd6 Qg7 33. Qxe6 h4 34. Qf5+ Kh8 35. Rc8 hxg3 36. hxg3 Rf8 37. Rxf8+ Nxf8 38. Rc8 Be7 39. Qh5+ 1-0

[Event "20 ans"]
[Date "2016.10.28"]
[Round "QFtb2"]
[White "Radjabov, Teimour"]
[Black "Moiseenko, Alexander"]
[Result "1-0"]
[WhiteElo "2788"]
[BlackElo "2651"]
[ECO "B40"]
[WhiteFed "AZE"]
[BlackFed "UKR"]
[FCGameId "2081975512"]
[TimeControl "900+3"]

1. e4 c5 2. Nf3 e6 3. c3 Nf6 4. e5 Nd5 5. d4 cxd4 6. cxd4 Nc6 7. Bc4 d6 8. O-O Be7 9. exd6 Qxd6 10. Nc3 O-O 11. Re1 Nxc3 12. bxc3 b6 13. Bd3 Bb7 14. Qe2 g6 15. Qe3 Bf6 16. Qh6 Bg7 17. Qh4 Ne7 18. Ng5 h5 19. Be4 Nf5 20. Qh3 Bxe4 21. Nxe4 Qd5 22. Bg5 f6 23. Bd2 Rac8 24. a4 Rc6 25. Qd3 Rfc8 26. h3 Kf7 27. Qb5 Bf8 28. Rab1 Be7 29. Qa6 Qd7 30. Qb5 g5 31. Qe2 Rh8 32. Rb5 Rcc8 33. g3 Qc6 34. Qd3 Qc4 35. Qf3 g4 36. Qf4 gxh3 37. Rxf5 exf5 38. Qxf5 Rcg8 39. Qd7 Kf8 40. Nd6 h2+ 41. Kxh2 1-0

[Event "20 ans"]
[Date "2016.10.28"]
[Round "SF1"]
[White "Vachier-Lagrave, Maxime"]
[Black "Korobov, Anton"]
[Result "1-0"]
[WhiteElo "2795"]
[BlackElo "2714"]
[ECO "C11"]
[WhiteFed "FRA"]
[BlackFed "UKR"]
[FCGameId "1859073590"]
[TimeControl "900+3"]

1. e4 e6 2. d4 d5 3. Nc3 Nf6 4. e5 Nfd7 5. f4 c5 6. Nf3 Nc6 7. Be3 Be7 8. Qd2 a6 9. Be2 b5 10. O-O b4 11. Nd1 O-O 12. c3 a5 13. Bf2 a4 14. cxb4 Nxb4 15. Ne3 Qa5 16. Rfc1 Nc6 17. Qxa5 Rxa5 18. dxc5 Nxc5 19. Nd1 Bd7 20. Nd4 Rc8 21. Nc3 g5 22. g3 Nb4 23. Ncb5 gxf4 24. gxf4 Rb8 25. Nd6 a3 26. bxa3 Nbd3 27. Bxd3 Nxd3 28. Rc7 Nxf2 29. Kxf2 Rb2+ 30. Kg1 Bh4 31. Rf1 Bd8 32. Rxd7 Bb6 33. Kh1 Bxd4 34. f5 Rxa3 35. f6 h5 36. Rd8+ Kh7 37. Nxf7 Raxa2 38. Ng5+ Kh6 39. Nf3 Bc5 40. Rh8+ Kg6 41. Rg8+ Kf7 42. Rg7+ Kf8 43. Rh7 Rf2 44. Rg1 Rxh2+ 45. Nxh2 Bxg1 46. Kxg1 1-0

[Event "20 ans"]
[Date "2016.10.28"]
[Round "SF2"]
[White "Radjabov, Teimour"]
[Black "Anand, Viswanathan"]
[Result "1/2-1/2"]
[WhiteElo "2788"]
[BlackElo "2802"]
[ECO "C54"]
[WhiteFed "AZE"]
[BlackFed "IND"]
[FCGameId "-567376608"]
[TimeControl "900+3"]

1. e4 e5 2. Nf3 Nc6 3. Bc4 Bc5 4. c3 Nf6 5. d3 d6 6. O-O O-O 7. h3 a6 8. Re1 Ba7 9. Bb3 h6 10. Nbd2 Re8 11. Nf1 Be6 12. Bc2 d5 13. Qe2 d4 14. Ng3 Nd7 15. Bd2 b5 16. a3 a5 17. Qd1 Bb6 18. Ne2 a4 19. Rc1 Nc5 20. cxd4 Nxd4 21. Nfxd4 exd4 22. Nf4 Bb3 23. Bb4 Bxc2 24. Rxc2 Ne6 25. Qg4 Rc8 26. Rec1 Nxf4 27. Qxf4 Re6 28. Bc5 c6 29. Bxb6 Qxb6 30. Rc5 b4 31. Qd2 bxa3 32. bxa3 Qb3 33. Ra1 Rb8 34. Rc2 Rg6 35. Kh2 h5 36. Rc4 Qb2 37. Qxb2 Rxb2 38. Kg1 Rf6 39. Rf1 Rb3 40. Rxd4 Rxa3 41. Rd8+ Kh7 42. f4 Rg6 43. f5 Rg3 44. Rc8 Ra2 45. Rf2 Rxf2 46. Kxf2 Rxd3 47. Rxc6 f6 48. Ra6 a3 49. h4 Kg8 50. Ra7 Rb3 51. Ke2 Rg3 52. Kf2 Rb3 53. Ke2 Rg3 54. Kf2 1/2-1/2

[Event "20 ans"]
[Date "2016.10.28"]
[Round "SF2"]
[White "Korobov, Anton"]
[Black "Vachier-Lagrave, Maxime"]
[Result "1/2-1/2"]
[WhiteElo "2714"]
[BlackElo "2795"]
[ECO "D85"]
[WhiteFed "UKR"]
[BlackFed "FRA"]
[FCGameId "156753847"]
[TimeControl "900+3"]

1. d4 Nf6 2. c4 g6 3. Nc3 d5 4. cxd5 Nxd5 5. e4 Nxc3 6. bxc3 Bg7 7. Nf3 c5 8. Be3 Qa5 9. Nd2 Bd7 10. Be2 cxd4 11. Nc4 Qa4 12. cxd4 O-O 13. O-O Rc8 14. Qxa4 Bxa4 15. Rab1 Nc6 16. d5 Nd4 17. Bxd4 Bxd4 18. Rxb7 Rab8 19. Rfb1 Rxb7 20. Rxb7 Kf8 21. g3 Bd1 22. Bxd1 Rxc4 23. d6 exd6 24. Bb3 Rc1+ 25. Kg2 f6 26. Rf7+ Ke8 27. Rxh7 Re1 28. f4 g5 29. Kf3 gxf4 30. gxf4 Rf1+ 31. Kg3 Rg1+ 32. Kh3 Be3 33. f5 Bd4 34. Bd5 Kd8 35. Rf7 Kc8 36. Kh4 Rg5 37. a4 a5 38. Rf8+ Kc7 39. Rf7+ Kc8 40. Rb7 Bf2+ 41. Kh3 Bc5 42. Rb5 Bb4 43. Rb6 Kc7 44. Rb7+ Kc8 45. Ra7 Kd8 46. Be6 Ke8 47. Rc7 Rg1 48. Rc2 Rg5 49. Bd5 Kd8 50. Re2 Kc7 51. Rc2+ Kd8 52. Be6 Bc5 53. Kh4 Bb4 54. Rc1 Ke7 55. Kh3 Bc5 56. Rc3 Kf8 57. e5 Ke7 58. exd6+ Kxd6 59. Rd3+ Ke7 60. Rd7+ Ke8 61. Rb7 Bb4 62. Rb8+ Ke7 63. Rb7+ Kd6 64. Rd7+ Ke5 65. Rd3 Ke4 66. Rg3 Rxg3+ 67. Kxg3 Be1+ 68. Kg4 Ke5 69. Kh5 Kd6 70. Kg6 Ke7 71. Bb3 Bf2 72. Be6 Be1 73. Bb3 Bf2 74. Be6 1/2-1/2

[Event "20 ans"]
[Date "2016.10.27"]
[Round "tb1.1"]
[White "Azarov, Sergei"]
[Black "Hou, Yifan"]
[Result "0-1"]
[WhiteElo "2586"]
[BlackElo "2645"]
[ECO "B28"]
[WhiteFed "BLR"]
[BlackFed "CHN"]
[FCGameId "1609318413"]
[TimeControl "900+3"]

1. e4 c5 2. Nf3 a6 3. d4 cxd4 4. Nxd4 Nf6 5. Nc3 e5 6. Nde2 b5 7. Ng3 Bb7 8. Bg5 Bc5 9. Qf3 Nc6 10. Bxf6 Qxf6 11. Qxf6 gxf6 12. Nd5 O-O-O 13. c3 Ne7 14. Nxe7+ Bxe7 15. a4 Bc6 16. axb5 axb5 17. Bd3 Kc7 18. Ke2 Rhg8 19. b4 Ra8 20. Nf5 Bd6 21. g3 Rgb8 22. Bc2 Bf8 23. f3 d5 24. exd5 Bxd5 25. Ne3 Ba2 26. Be4 Ra4 27. Bxh7 Rba8 28. Rad1 Ra3 29. Be4 R8a6 30. Bd5 Rxc3 31. Rc1 Bxb4 32. Ra1 Rxe3+ 33. Kxe3 Ra3+ 34. Ke4 0-1

[Event "20 ans"]
[Date "2016.10.27"]
[Round "tb1.1"]
[White "Deac, Bogdan-Daniel"]
[Black "Radjabov, Teimour"]
[Result "1/2-1/2"]
[WhiteElo "2443"]
[BlackElo "2788"]
[ECO "D37"]
[WhiteFed "ROU"]
[BlackFed "AZE"]
[FCGameId "699846148"]
[TimeControl "900+3"]

1. d4 Nf6 2. c4 e6 3. Nc3 d5 4. Nf3 Be7 5. Bf4 O-O 6. e3 Nbd7 7. Be2 c6 8. Qc2 Nh5 9. O-O Nxf4 10. exf4 dxc4 11. Bxc4 Nf6 12. Qe2 Nd5 13. g3 Bf6 14. Ne4 b6 15. Rfd1 Bb7 16. Ne5 Rc8 17. Rac1 Rc7 18. Bd3 g6 19. a3 Qe7 20. Ba6 Ba8 21. Bc4 c5 22. dxc5 bxc5 23. Nxf6+ Nxf6 24. Rd2 Ne4 25. Rd3 Nd6 26. Ba2 Nf5 27. Nf3 Rd8 28. Bb1 Rcd7 29. Rxd7 Qxd7 30. Be4 Bxe4 31. Qxe4 Qb5 32. b4 cxb4 33. axb4 Qd5 34. Qxd5 exd5 35. Ra1 Rd7 36. Ne5 Rb7 37. Ra5 d4 38. Nd3 h5 39. Kf1 Rc7 40. Nc5 Ne7 41. Nd3 Kg7 42. Ke2 Rb7 43. Kd2 Nc6 44. Ra4 Rb6 45. Ra2 Kf6 46. Ra4 Kf5 47. f3 Ke6 48. Kc2 Kd5 49. Ne5 Nxb4+ 50. Kd2 a6 51. Nxf7 Nc6 52. Ne5 Rb2+ 53. Kc1 Rb6 54. Nxg6 Nb4 55. Ne5 Rb5 56. Kd2 a5 57. h3 Na6 58. Ra2 Nc5 59. Nd3 Nxd3 60. Kxd3 Rb3+ 61. Kd2 Rxf3 62. Rxa5+ Kc4 63. Ra4+ Kd5 64. Ra5+ Kc4 65. Ra4+ Kc5 66. Ra5+ Kb4 67. Rxh5 Rxg3 68. Rh8 Kc4 69. Rc8+ Kd5 70. f5 Rxh3 71. f6 Rf3 72. Rd8+ Ke5 73. Re8+ Kd5 74. Rd8+ Ke5 75. Re8+ Kd5 76. Rd8+ 1/2-1/2

[Event "20 ans"]
[Date "2016.10.27"]
[Round "tb1.1"]
[White "Vocaturo, Daniele"]
[Black "Gharamian, Tigran"]
[Result "0-1"]
[WhiteElo "2606"]
[BlackElo "2638"]
[ECO "D37"]
[WhiteFed "ITA"]
[BlackFed "FRA"]
[FCGameId "1336653059"]
[TimeControl "900+3"]

1. d4 Nf6 2. c4 e6 3. Nc3 d5 4. Nf3 dxc4 5. e4 Bb4 6. Bxc4 Nxe4 7. O-O Nxc3 8. bxc3 Be7 9. Ne5 O-O 10. Qg4 Nc6 11. Re1 f5 12. Qf3 Nxe5 13. Rxe5 Bd6 14. Re1 Kh8 15. Bf4 Bxf4 16. Qxf4 Qd6 17. Re5 Bd7 18. Rae1 Rf6 19. f3 Raf8 20. R1e2 h6 21. Qe3 b6 22. h4 Bc8 23. Kf2 Bd7 24. Bxe6 Bxe6 25. Rxe6 Qh2 26. Re7 Rg6 27. Kf1 Qh1+ 28. Qg1 Qxh4 29. Rxc7 a5 30. Qf2 Qh1+ 31. Qg1 Qh4 32. Rce7 Kh7 33. R7e5 f4 34. R2e4 Rc8 35. Qf2 Qh1+ 36. Qg1 Qxg1+ 37. Kxg1 Rxc3 38. Rxf4 Rc2 39. Rg4 Rxg4 40. fxg4 Rxa2 41. Rb5 Rd2 42. d5 Rd4 43. Rxb6 Rxd5 44. Ra6 Rg5 45. Kf2 Kg8 46. Ra7 Kf8 47. Kf3 Ke8 48. g3 Kd8 49. Kf4 Kc8 50. Rf7 Kb8 51. Kf3 Ka8 52. Re7 a4 53. Re3 Ra5 54. Ra3 Kb7 55. Ke4 Kc6 56. Kd4 Rg5 57. Ke4 Rxg4+ 58. Kf5 h5 59. Re3 g6+ 60. Kf6 Kc5 61. Kg7 Kb4 62. Kh6 a3 0-1

[Event "20 ans"]
[Date "2016.10.27"]
[Round "tb1.2"]
[White "Hou, Yifan"]
[Black "Azarov, Sergei"]
[Result "1-0"]
[WhiteElo "2645"]
[BlackElo "2586"]
[ECO "C47"]
[WhiteFed "CHN"]
[BlackFed "BLR"]
[FCGameId "-1962638594"]
[TimeControl "900+3"]

1. e4  e5  2. Nc3  Nf6   3. Nf3  Nc6  4. d4   Bb4  5. dxe5  Nxe4   6. a3  Bxc3+  7. bxc3   d5  8. c4  d4   9. Bd3  Bf5  10. O-O  Bg6   11. Bb2  Qd7  12. Nxd4   Nxd4  13. Bxe4  Bxe4   14. Qxd4  Qxd4  15. Bxd4   O-O-O  16. c3  Bd3   17. Rfe1  Bxc4  18. e6   fxe6  19. Bxg7  Rhg8   20. Be5  Rd2  21. Rad1   Ra2  22. Ra1  Rxa1   23. Rxa1  Rd8  24. Re1   Rd2  25. h4  Ra2   26. Re3  Rxa3  27. Rg3   Ra1+  28. Kh2  Re1   29. Rg8+  Kd7  30. Rg7+   Kc6  31. Rxc7+  Kd5   32. Bd4  b5  33. Rd7+   Ke4  34. Bxa7  Ra1   35. Rxh7  Bd5  36. Be3   Kd3  37. Rc7  Ra4   38. Kg3  Re4  39. h5   Bc4  40. h6  Re5   41. Rc5  Bd5  42. Rxb5   Rf5  43. Rb8  Rf6   44. h7  Rg6+  45. Kh4   1-0

[Event "20 ans"]
[Date "2016.10.27"]
[Round "tb1.2"]
[White "Radjabov, Teimour"]
[Black "Deac, Bogdan-Daniel"]
[Result "1-0"]
[WhiteElo "2788"]
[BlackElo "2443"]
[ECO "A06"]
[WhiteFed "AZE"]
[BlackFed "ROU"]
[FCGameId "-994899087"]
[TimeControl "900+3"]

1. Nf3  d5  2. g3  Nc6   3. d4  Bf5  4. Bg2   Qd7  5. O-O  e6   6. c4  Rd8  7. Nc3   Nf6  8. Bg5  Be7   9. cxd5  Nxd5  10. Bxe7   Qxe7  11. Qb3  Qb4   12. Qxb4  Ndxb4  13. Rfd1   Nd5  14. e3  Nce7   15. Ne5  f6  16. Nc4   c6  17. Rac1  Bg6   18. Na5  Nxc3  19. Rxc3   Rd7  20. Rcc1  Kf7   21. Nb3  Rc7  22. Nc5   Rhc8  23. b4  b6   24. Nb3  Nd5  25. a3   f5  26. Bf3  Ke7   27. Kg2  Bf7  28. Nd2   Nf6  29. Nc4  Nd7   30. Rc2  g5  31. Kg1   g4  32. Bg2  h5   33. Rdc1  Bg6  34. Rc3   Bf7  35. h4  gxh3   36. Bxh3  c5  37. dxc5   bxc5  38. b5  Nb6   39. Bf1  Be8  40. Rb1   Rd8  41. Rcc1  Kf6   42. Be2  Rd5  43. Kf1   Rh7  44. Bf3  Rd3   45. Ke2  Rd8  46. Na5   Rc8  47. Nb7  Rhc7   48. Nd6  Rd8  49. Nxe8+   Rxe8  50. Bc6  Rb8   51. Rxc5  Nd7  52. Rcc1   Ne5  53. Rb4  Rb6   54. Rh1  Nxc6  55. bxc6   Rcxc6  56. Rxh5  Rxb4   57. axb4  Rc2+  58. Kf3   Rb2  59. Rh4  e5   60. Rc4  e4+  61. Kg2   Kg5  62. Rd4  a6   63. Rc4  Rb1  64. Rc6   Rxb4  65. Rxa6  Rb2   66. Ra8  Rb1  67. Rg8+   Kf6  68. g4  fxg4   69. Rxg4  Kf5  70. Rh4   Rb2  71. Kg3  Rc2   72. Rf4+  Ke5  73. Kg4   Rd2  74. Rf8  Rb2   75. Rf7  Rc2  76. Rf5+   Ke6  77. Kg5  Rd2   78. Rf8  Rb2  79. Kg6   Ke7  80. Rf4  Kd6   81. Rf6+  Ke5  82. Rf8   Rc2  83. Kg7  Ke6   84. Rf6+  Ke5  85. Kf7   Rc7+  86. Kg6  Rc2   87. Rf8  Rb2  88. Rf7   Rc2  89. Kg7  Ke6   90. Rf4  Ke5  91. Kf7   Rc7+  92. Kg6  Rc2   93. Kg5  Rb2  94. Kg4   Rc2  95. Kg3  Rb2   96. Rh4  Rc2  97. Rh8   Kf5  98. Re8  Rb2   99. Ra8  Rc2  100. Kh4   Ke5  101. Re8+  Kf5   102. Kg3  Rb2  103. Rf8+   Ke5  104. Kg4  Rc2   105. Kg5  Rb2  106. Rf5+   Ke6  107. Kg6  Rc2   108. Rf8  Ke5 109. Rf5+  Ke6   110. Kg5  Rb2  111. Kg4   Rc2  112. Rf4  Ke5   113. Kg3  Rb2  114. Rh4   Kf5  115. Rh5+  Ke6   116. Rh2  Rc2  117. Kf4   Kd5  118. Rh5+  Ke6   119. Rh2  Kd5  120. Kf5   Rb2  121. Rg2  Ra2   122. Kf6  Ra6+  123. Kf5   Ra2  124. Rh2  Rb2   125. Kf4  Ra2  126. Kg3   Ke5  127. f4+  1-0

[Event "20 ans"]
[Date "2016.10.27"]
[Round "tb1.2"]
[White "Gharamian, Tigran"]
[Black "Vocaturo, Daniele"]
[Result "1-0"]
[WhiteElo "2638"]
[BlackElo "2606"]
[ECO "B40"]
[WhiteFed "FRA"]
[BlackFed "ITA"]
[FCGameId "590020932"]
[TimeControl "900+3"]

1. e4  c5  2. Nf3  e6   3. g3  Nf6  4. e5   Nd5  5. Bg2  Nc6   6. O-O  d6  7. exd6   Bxd6  8. d4  O-O   9. c4  Nb6  10. dxc5   Bxc5  11. Qe2  e5   12. Nc3  Bg4  13. Be3   Bxe3  14. fxe3  Qe7   15. h3  Bh5  16. g4   Bg6  17. Rad1  Qb4   18. Nh4  Qxc4  19. Nxg6   hxg6  20. Qxc4  Nxc4   21. Nd5  Rad8  22. b3   Nd6  23. Nc3  Nc8   24. Ne4  Rxd1  25. Rxd1   Rd8  26. Rc1  Nd6   27. Nc5  b6  28. Bxc6   bxc5  29. Rxc5 Kf8  30. Bd5   Ke7  31. e4  Kf6   32. h4  Rd7  33. g5+   Ke7  34. Kf2  Ne8   35. Bc6  Rd2+  36. Ke3   Rxa2  37. Rxe5+  Kd6   38. Rxe8  Kxc6 39. Re7  Ra3   40. Rxf7  Rxb3+  41. Kd4   Rb7  42. Rxb7  Kxb7 43. Kd5 Kc7   44. Ke6  a5  45. e5   a4  46. Kf7  a3   47. e6  a2  48. e7   a1=Q  49. e8=Q  Qd4   50. Qe7+  Kc8  51. Qe8+   Kc7  52. Qe7+  Kc6   53. Kxg6  Qxh4  54. Kxg7   Kd5  55. Qf7+ Ke4  56. Qc4+   1-0

[Event "20th Corsican Circuit 2016-KO"]
[Site "Bastia"]
[Date "2016.10.27"]
[Round "1.1"]
[White "Anand, Viswanathan"]
[Black "Leenhouts, Koen"]
[Result "1-0"]
[ECO "B48"]
[WhiteElo "2776"]
[BlackElo "2492"]
[Annotator "Sagar Shah"]
[PlyCount "73"]
[EventDate "2016.??.??"]
[EventType "k.o."]
[EventCountry "FRA"]
[SourceTitle "playchess.com"]
[Source "ChessBase"]
[TimeControl "900+3"]

1. e4 c5 2. Nf3 e6 3. d4 cxd4 4. Nxd4 Nc6 5. Nc3 Qc7 6. Be3 a6 {[%emt 0:00:04] Leenhouts goes for the Taimanov Variation
of the Sicilian.} 7. Qf3 $5 {[%emt 0:00:06] The move Qf3 is becoming quite
popular recently. The idea is to put the queen on g3 and prepare 0-0-0.} d6 8. Nxc6 bxc6 9. O-O-O Nf6 10. Qg3 Nh5 11. Qh4 Nf6 12. g4 Be7 13. g5 Nd7 14. f4 Rb8 {[%emt 0:00:36] It's an interesting position as White has expanded
on the kingisde and Black has counterplay down the b-file. But b3 will block
out Black's attack, while White's offensive is not so easy to prepare against.}
15. Qg3 d5 16. f5 $6 (16.
Kb1 {was safer}) 16... Bd6 $1 {[%emt 0:00:42] Keeping the queens on is a
better idea for Black.} (16... Qxg3 17. hxg3 {is better for White.}) 17. Qh3 Ne5 18. f6 g6 (18... gxf6 19. gxf6 Ng6 {The computer thinks this is better for Black. But
in a rapid game with the king in the center, it doesn't look a very secure
position.}) 19. Qg2 Qa5 20. Bd2 Qb4 $2 {[%emt 0:00:19] A serious error by Koen...} 21. b3 $2 {[%emt 0:00:05] ...which goes unpunished.} (21. Nb5 $1 {
just wins a piece.} Qc5 22. b4 $18) 21... Qa3+ 22. Kb1 d4 23. h4 (23. Bc1 Qb4 24.
Ne2 $14) 23... dxc3 24. Bxc3 {[%emt 0:00:01] A great
practical decision. Black is put under pressure. True he is a piece up, but it
is extremely difficult to find the right moves.} O-O $2 {[%emt 0:02:00] This
is like jumping into the fire.} (24... Qc5 $15) 25. Qg3 (25.
h5 {straight away was also possible.}) 25... Nc4 26. e5 Bxe5 27. Bxe5 Nxe5 28. Qxe5 {[%emt 0:00:01] White has a material equality and a very
strong attack with h5. This is all over.} Bb7 29. h5 c5 30. hxg6 Bxh1 31. Qh2 fxg6 32. Rd7 {[%emt 0:00:07] Sharp
play by Anand. Not so difficult for him to calculate though.} h5 33. Rg7+ Kh8 34. Qxh1 (
34. Be2 $4 Be4 35. Bxh5 Rxb3+ $11 {just in time!}) 34... Rbd8 35. Be2 Qa5 36. Bxh5 gxh5 37. Qxh5# 1-0